 Dungeon Crawl Stone Soup version 0.23.0-38-g208d714 (webtiles) character file.

Game seed: 3862131908946997857

87 Borgoz the Sneak (level 4, 0/26 HPs)
             Began as a Kobold Enchanter on Feb 27, 2019.
             Succumbed to an adder's poison
             ... on level 2 of the Dungeon.
             The game lasted 00:03:58 (1846 turns).

Borgoz the Sneak (Kobold Enchanter)                 Turns: 1846, Time: 00:03:58

Health: 0/26       AC:  2    Str:  6    XL:     4   Next: 80%
Magic:  6/7        EV: 16    Int: 16    God:
Gold:   123        SH:  0    Dex: 15    Spells: 4/7 levels left

rFire    . . .     SeeInvis .   a - +1 dagger
rCold    . . .     Gourm    .   (shield restricted)
rNeg     . . .     Faith    .   b - +0 robe
rPois    .         Spirit   .   (no helmet)
rElec    .         Reflect  .   (no cloak)
rCorr    .         Harm     .   (no gloves)
MR       .....                  (no boots)
Stlth    +++.......             (no amulet)
HPRegen  0.08/turn              (no ring)
MPRegen  0.10/turn              (no ring)

@: lethally poisoned (0 -> -14)
A: small, carnivore
a: no special abilities


You were on level 2 of the Dungeon.
You were completely stuffed.

You visited 1 branch of the dungeon, and saw 3 of its levels.

You collected 123 gold pieces.

Inventory:

Hand Weapons
 a - a +1 dagger (weapon)
Missiles
 i - 16 poisoned needles
Armour
 b - a +0 robe (worn)
Jewellery
 e - an uncursed ring of fire
Scrolls
 c - a scroll of enchant weapon {unknown}
 f - 2 scrolls of amnesia {unknown}
 h - a scroll of fog {unknown}
Comestibles
 d - a ration
 g - 5 chunks of flesh


   Skills:
 + Level 2.0 Fighting
 + Level 3.1 Short Blades
 + Level 0.7 Armour
 + Level 3.5 Dodging
 - Level 4.0 Stealth
 - Level 2.1 Spellcasting
 + Level 3.2 Hexes


You had 4 spell levels left.
You knew the following spells:

 Your Spells              Type           Power        Failure   Level  Hunger
a - Corona                Hex            ##.....      5%          1    #......
b - Ensorcelled Hibernat  Hex/Ice        #.....       16%         2    ###....

Your spell library contained the following spells:

 Spells                   Type           Power        Failure   Level  Hunger
 Confuse                  Hex            ##......     16%         3    ###....
 Tukima's Dance           Hex            ##......     16%         3    ###....
 Dazzling Spray           Conj/Hex       #.....       30%         3    ###....


Dungeon Overview and Level Annotations

Branches:
Dungeon (3/15)

Altars:


Innate Abilities, Weirdness & Mutations

You are small and have problems with some larger weapons.
You are carnivorous and can eat meat at any time.


Message History

* * * LOW HITPOINT WARNING * * *
You feel sick. The adder barely misses you.
You're too full to eat anything.
You're too full to eat anything.
You aren't carrying any potions.
You barely miss the adder.
The adder is severely wounded.
* * * LOW HITPOINT WARNING * * *
You feel sick. The adder misses you.
You hit the adder but do no damage.
The adder is severely wounded.
* * * LOW HITPOINT WARNING * * *
You feel sick. The adder completely misses you.
You hit the adder.
The adder is severely wounded.
* * * LOW HITPOINT WARNING * * *
You feel sick. The adder closely misses you. x2
You hit the adder.
The adder is almost dead.
You die...

# ###.#.########(...
####...#[# ....#
######....###.# ...<.#
#......#### #.# ###.....#
#.###########.######.......#
##.# #.........##.#.....
...# #............#..###
.### #.................# .#
######.@S###...##.## .#
##....).###.........# .#
#.>#######..........# .#
#.## #...grg.....# .# ####.#
#...........# .# #....#
#..........S. .#####.####
#...........#. .........#
#..>......>.# .........#
#.#....g...##


You could see an adder.

Vanquished Creatures
  Terence (D:2)
  2 adders (D:2)
  2 worms (D:2)
  A dart slug (D:1)
  A leopard gecko (D:1)
  A giant cockroach (D:1)
  4 goblins (D:2)
  5 hobgoblins
  4 jackals (D:1)
  A quokka (D:2)
  4 bats
  2 frilled lizards (D:1)
  5 kobolds
  3 rats (D:1)
36 creatures vanquished.

Notes
Turn   | Place    | Note
-------+----------+-------------------------------------------
     0 | D:1      | Borgoz the Kobold Enchanter began the quest for the Orb.
     0 | D:1      | Reached XP level 1. HP: 10/10 MP: 3/3
   349 | D:1      | Reached XP level 2. HP: 16/16 MP: 3/5
   668 | D:1      | Reached skill level 1 in Fighting
   724 | D:1      | Reached XP level 3. HP: 15/20 MP: 6/6
  1060 | D:1      | Learned a level 2 spell: Ensorcelled Hibernation
  1212 | D:2      | Noticed Terence
  1243 | D:2      | Killed Terence
  1243 | D:2      | Reached XP level 4. HP: 22/26 MP: 0/7
  1845 | D:2      | HP: 1/26 [poisoned by an adder]
  1846 | D:2      | Succumbed to an adder's poison

Skill      XL: |  1  2  3  4 |
---------------+-------------+-----
Short Blades   | 2 3 |  3.1
Fighting       | 1 2 |  2.0
Dodging        | 3 |  3.5
Armour         | |  0.7
Stealth        | |  4.0
Spellcasting   | |  2.1
Hexes          | |  3.2

Action                   |  1- 3 |  4- 6 || total
-------------------------+-------+-------++-------
Melee: Dagger            |   123 |    47 ||   170
 Cast: Corona            |     6 |     2 ||     8
       Ensorcelled Hiber |     3 |     7 ||    10
  Use: Potion            |     2 |       ||     2
 Stab: Sleeping          |    10 |     2 ||    12
  Eat: Chunk             |    10 |     2 ||    12
Armor: Robe              |    10 |     4 ||    14
       Skin              |    16 |       ||    16
Dodge: Dodged            |    87 |    24 ||   111
